 Dungeon Crawl Stone Soup version 0.28.0-53-g5a82cb258f (webtiles) character file.

Game seed: 10843570797895387930

38630 Peloso the Fencer (level 13, -1/119 HPs)
             Began as a Minotaur Fighter on May 22, 2022.
             Was the Champion of Okawaru.
             Collided with a stone wall (11 damage)
             ... caused by a wretched star
             ... on level 2 of the Abyss.
             The game lasted 00:46:15 (21692 turns).

Peloso the Fencer (Minotaur Fighter)               Turns: 21692, Time: 00:46:16

Health: -1/119     AC: 27    Str: 23    XL:     13   Next: 64%
Magic:  14/14      EV:  8    Int:  5    God:    Okawaru [******]
Gold:   1349       SH: 12    Dex: 13    Spells: 12/12 levels left

rFire   + . .      SeeInvis .   b - +3 scimitar (flame)
rCold   . . .      Faith    .   c - +0 kite shield
rNeg    + . .      Spirit   .   A - +0 plate armour
rPois   +          Reflect  .   (helmet restricted)
rElec   .          Harm     .   W - +0 cloak
rCorr   .          Rampage  .   e - +0 pair of gloves
Will    .....                   t - +2 pair of boots
Stlth   ..........              (no amulet)
HPRegen 0.29/turn               L - ring of protection from fire
MPRegen 0.14/turn               P - ring "Pyestr Xoeso" {Fly rPois rN+ AC+4}

@: flying
A: horns 2, retaliatory headbutt, [deterioration 2]
a: Renounce Religion, Heroism, Finesse, Duel


You were on level 2 of the Abyss.
You worshipped Okawaru.
Okawaru was exalted by your worship.
You visited 4 branches of the dungeon, and saw 19 of its levels.
You visited the Abyss 1 time.
You also visited: Sewer and Volcano.

You collected 1349 gold pieces.

Inventory:

Hand Weapons
 a - a +2 long sword of holy wrath
 b - a +3 scimitar of flaming (weapon)
Missiles
 T - 2 throwing nets (quivered)
Armour
 c - a +0 kite shield (worn)
 e - a +0 pair of gloves (worn)
 j - a +1 chain mail
 t - a +2 pair of boots (worn)
 A - a +0 plate armour (worn)
 N - +0 fire dragon scales
 W - a +0 cloak (worn)
Jewellery
 l - a ring of flight
 u - a ring of protection from cold
 v - a +6 ring of strength
 z - a ring of protection from fire
 F - an amulet of guardian spirit
 G - an amulet of the acrobat
 L - a ring of protection from fire (left hand)
 M - a +4 ring of protection
 P - the ring "Pyestr Xoeso" (right hand) {Fly rPois rN+ AC+4}
   (You found it on level 9 of the Dungeon)

   [ring of protection]

   AC:        It affects your AC (+4).
   rPois:     It protects you from poison.
   rN:        It protects you from negative energy.
   Fly:       It grants you flight.
 V - a +4 ring of protection
Wands
 D - a wand of acid (28)
 J - a wand of iceblast (6)
 S - a wand of polymorph (8)
Scrolls
 f - 2 scrolls of blinking
 h - 4 scrolls of enchant armour
 k - 7 scrolls of fog
 o - 2 scrolls of amnesia
 p - 6 scrolls of teleportation
 q - 3 scrolls of enchant weapon
 s - a scroll of acquirement
 y - a scroll of brand weapon
 B - 2 scrolls of immolation
 E - 2 scrolls of fear
 H - 2 scrolls of summoning
 I - a scroll of identify
 R - 5 scrolls of magic mapping
Potions
 d - 5 potions of might
 g - 5 potions of curing
 i - 3 potions of invisibility
 m - 5 potions of mutation
 n - 2 potions of magic
 r - 2 potions of haste
 w - 2 potions of ambrosia
 x - 4 potions of brilliance
 C - 2 potions of cancellation
 K - 2 potions of heal wounds
 O - 2 potions of flight
 U - 2 potions of berserk rage
Miscellaneous
 Q - a condenser vane


   Skills:
 + Level 12.7 Fighting
 + Level 15.8 Long Blades
 + Level 14.3 Armour
 + Level 4.1 Dodging
 + Level 1.8 Stealth
 + Level 13.7 Shields
 + Level 3.1 Invocations
 + Level 0.1 Evocations


You had 12 spell levels left.
You didn't know any spells.
Your spell library contained the following spells:

 Spells                   Type           Power      Damage    Failure   Level
 Pain                     Necr           0%         1d4       100%        1
 Sandblast                Erth           0%         2d4       100%        1
 Corpse Rot               Necr/Air       0%         N/A       100%        2
 Ensorcelled Hibernation  Hex/Ice        0%         N/A       100%        2
 Passwall                 Tmut/Erth      0%         N/A       100%        2
 Poisonous Vapours        Pois/Air       0%         N/A       100%        2
 Gell's Gravitas          Tloc           0%         N/A       100%        3
 Lesser Beckoning         Tloc           0%         N/A       100%        3
 Spider Form              Tmut/Pois      0%         N/A       100%        3
 Stone Arrow              Conj/Erth      0%         3d7       100%        3
 Teleport Other           Tloc           0%         N/A       100%        3
 Vampiric Draining        Necr           0%         2d6       100%        3
 Anguish                  Hex/Necr       0%         N/A       100%        4
 Animate Skeleton         Necr           Unusable   N/A       N/A         1

Dungeon Overview and Level Annotations

Branches:
Dungeon (13/15)            Temple (1/1) D:4            Lair (4/6) D:8
 Shoals (0/4) Lair:2       Spider (0/4) Lair:3          Orc (1/2) D:11
  Sewer (visited)         Volcano (visited)
 Vaults: D:13-14

Altars:
Ashenzari
Dithmenos
Fedhas
Gozag
Hepliaklqana
Makhleb
Nemelex Xobeh
Okawaru
Qazlal
Sif Muna
Trog
Vehumet
Xom
Yredelemnul

Shops:
D:6 :


Innate Abilities, Weirdness & Mutations

You have a pair of horns on your head.
You reflexively headbutt those who attack you in melee.
[Your body often deteriorates upon taking damage.]


Message History

You slash the large abomination! You burn the large abomination.
Your headbutt misses the large abomination.
The large abomination is severely damaged.
Unknown command.
You hit the large abomination but do no damage.
You headbutt the large abomination, but do no damage.
The large abomination is severely damaged.
The large abomination hits you.
* * * LOW HITPOINT WARNING * * *
You slash the large abomination! You burn the large abomination.
The large abomination is almost destroyed.
You block the large abomination's attack.
Unknown command.
You slash the large abomination! You burn the large abomination.
You destroy the large abomination!
That felt strangely unrewarding.
Unknown command.
Unknown command.
You slash the wretched star! You burn the wretched star.
The wretched star is moderately damaged.
The wretched star glows turbulently.
The lance of force hits you!!
* * * LOW HITPOINT WARNING * * *
You are knocked back by the lance of force.
You slam into the stone wall!
You barely miss the wretched star.
You headbutt the wretched star, but do no damage.
The wretched star is moderately damaged.
Unknown command.
You slash the wretched star! You burn the wretched star.
The wretched star is heavily damaged.
The crimson imp hits you but does no damage.
You hit the wretched star. You burn the wretched star.
The wretched star is heavily damaged.
The wretched star glows turbulently.
The lance of force hits you.
* * * LOW HITPOINT WARNING * * *
You are knocked back by the lance of force.
You slam into the stone wall!
You die...

..##
..#.#
.≈≈#..
.≈≈≈.. #
#≈...# .
. #.... #
.#
≈.#..#.##
. .
..≈..≈#@#
. . . #
#5*## #..
.. .
≈≈.#...#
.. .# #
#......##
#.# .
#####..##
.. # .. ≈
##.#####
. ##. .♣
.. .. .#
≈ ..# . #


You could see a wretched star and a crimson imp.

Vanquished Creatures
  5 hydras
  2 boulder beetles
  A centaur warrior (D:9)
  3 two-headed ogres
  6 death yaks
  A tengu warrior (D:13)
  5 skeletal warriors
  2 lindwurms (Volcano)
  A cyclops (D:13)
  2 ugly things (D:11)
  Joseph (D:7)
  3 black mambas
  2 molten gargoyles (Volcano)
  6 cane toads
  3 efreet (Volcano)
  A tengu conjurer (D:13)
  8 komodo dragons
  2 merfolk (Lair:2)
  2 trolls
  2 large abominations (Abyss:2)
  A polar bear (Lair:3)
  Prince Ribbit (D:8)
  2 hornets
  Grinder (D:6)
  5 blink frogs
  3 slime creatures (D:12)
  Sigmund (D:6)
  2 shadows
  3 wraiths
  A vampire (D:12)
  20 yaks
  A wyvern (D:9)
  4 fire elementals (Volcano)
  2 vampire mosquitoes (D:10)
  3 fire bats (Lair:1)
  A redback (Lair:3)
  2 steam dragons
  Menkaure (D:7)
  A warg (D:11)
  2 acid dragons
  A naga (shapeshifter) (D:13)
  6 water moccasins
  12 orc warriors
  A sky beast (shapeshifter) (D:13)
  A necrophage (D:6)
  2 black bears
  2 ice beasts
  3 wolves (Lair:4)
  3 ogres
  8 centaurs
  A phantom (D:6)
  5 kobold brigands
  11 bullfrogs
  3 earth elementals (Volcano)
  A wyvern zombie (D:6)
  A jelly (D:7)
  A wyvern skeleton (D:5)
  11 killer bees
  5 wights (D:8)
  An electric eel (Lair:1)
  2 howler monkeys
  6 centaur zombies
  3 orc priests
  5 hounds
  A bullfrog skeleton (D:5)
  3 centaur skeletons
  4 iguanas
  10 orc wizards
  4 hell rats (Lair:4)
  A hound zombie (D:5)
  A hound skeleton (D:4)
  3 gnolls (D:5)
  3 howler monkey skeletons
  15 adders
  2 river rats (Sewer)
  2 white imps
  An adder skeleton (D:4)
  4 worms
  A dart slug (D:1)
  37 orcs
  4 bats
  8 endoplasms
  2 giant cockroaches
  7 goblins
  5 hobgoblins
  6 jackals
  8 quokkas
  9 ball pythons
  4 frilled lizards (D:1)
  13 kobolds
  8 rats
  A spectral hobgoblin (D:3)
  A bush (Lair:4)
  2 fire vortices (Volcano)
380 creatures vanquished.

Vanquished Creatures (others)
  A human (D:13)
  An earth elemental (Volcano)
  6 fungi
  40 plants
48 creatures vanquished.

Grand Total: 428 creatures vanquished

Notes
Turn   | Place    | Note
-------+----------+-------------------------------------------
     0 | D:1      | Peloso the Minotaur Fighter began the quest for the Orb.
     0 | D:1      | Reached XP level 1. HP: 19/19 MP: 0/0
     1 | D:1      | Noticed an electric eel
   146 | D:1      | Reached XP level 2. HP: 27/27 MP: 1/1
   919 | D:2      | Reached XP level 3. HP: 33/33 MP: 2/2
  1092 | D:2      | Reached skill level 3 in Long Blades
  1549 | D:2      | Reached XP level 4. HP: 34/40 MP: 3/3
  1981 | D:3      | Found a faded altar of an unknown god.
  1997 | D:3      | Reached skill level 4 in Long Blades
  2041 | D:3      | Found a glowing drain.
  2068 | Sewer    | Entered a sewer
  2082 | Sewer    | Reached XP level 5. HP: 36/47 MP: 4/4
  2364 | Sewer    | Reached skill level 1 in Dodging
  2369 | Sewer    | Reached skill level 5 in Long Blades
  2369 | Sewer    | Reached skill level 5 in Armour
  2369 | Sewer    | Reached XP level 6. HP: 24/55 MP: 5/5
  2728 | Sewer    | Reached skill level 5 in Fighting
  2917 | D:3      | Noticed an ice beast
  2926 | D:3      | Killed an ice beast
  2927 | D:3      | Reached skill level 6 in Long Blades
  2927 | D:3      | Reached XP level 7. HP: 61/61 MP: 6/6
  3741 | D:4      | Reached skill level 5 in Shields
  3963 | D:4      | Found a staircase to the Ecumenical Temple.
  4097 | Temple   | Entered the Ecumenical Temple
  4193 | Temple   | Became a worshipper of Warmaster Okawaru
  4275 | D:5      | Entered Level 5 of the Dungeon
  4307 | D:5      | Reached skill level 7 in Long Blades
  4801 | D:6      | Noticed Grinder
  4807 | D:6      | Paralysed by Grinder for 7 turns
  4808 | D:6      | Reached XP level 8. HP: 70/70 MP: 7/7
  4821 | D:6      | Paralysed by Grinder for 6 turns
  4838 | D:6      | Killed Grinder
  4838 | D:6      | Reached * piety under Okawaru
  5044 | D:6      | Reached skill level 8 in Long Blades
  5097 | D:6      | Found Itesh's Book Shoppe.
  5164 | D:6      | Noticed Sigmund
  5198 | D:6      | Killed Sigmund
  5199 | D:6      | Reached ** piety under Okawaru
  5200 | D:6      | Reached skill level 9 in Long Blades
  6006 | D:5      | Reached XP level 9. HP: 65/78 MP: 5/8
  6578 | D:7      | Noticed Joseph
  6599 | D:7      | Killed Joseph
  6600 | D:7      | Reached skill level 10 in Long Blades
  7171 | D:7      | Noticed a boulder beetle
  7782 | D:8      | Noticed a komodo dragon
  7796 | D:8      | Killed a komodo dragon
  7963 | D:8      | Found a staircase to the Lair.
  7979 | D:8      | Identified the +2 robe "Rofuem" {*Slow rN++ Regen+}
  8115 | D:8      | Reached skill level 1 in Invocations
  8200 | D:8      | Reached XP level 10. HP: 84/86 MP: 9/9
  8317 | D:8      | Reached skill level 11 in Long Blades
  8411 | D:8      | Noticed Prince Ribbit
  8449 | D:8      | Killed Prince Ribbit
  8622 | D:9      | Reached *** piety under Okawaru
  8664 | D:9      | Noticed a centaur warrior
  8680 | D:9      | Killed a centaur warrior
  8681 | D:9      | Reached skill level 1 in Stealth
  9115 | D:9      | Reached skill level 10 in Armour
  9856 | D:9      | Identified the ring "Pyestr Xoeso" {Fly rPois rN+ AC+4}
  9881 | D:10     | Entered Level 10 of the Dungeon
  9900 | D:10     | Found a shimmering blue altar of Sif Muna.
  9901 | D:10     | Identified the +2 great sword "Lych" {vorpal, *Noise +Blink
                  | rElec rC++}
 10624 | D:10     | Reached **** piety under Okawaru
 10627 | D:10     | Reached skill level 12 in Long Blades
 11005 | D:11     | Identified a scroll of acquirement
 11046 | D:11     | Noticed a white ugly thing
 11059 | D:11     | Killed a white ugly thing
 11601 | D:11     | Reached XP level 11. HP: 90/97 MP: 8/11
 11606 | D:11     | Reached ***** piety under Okawaru
 11826 | D:11     | Found a staircase to the Orcish Mines.
 12199 | D:12     | Noticed a skeletal warrior
 12223 | D:12     | Killed a skeletal warrior
 12351 | D:12     | Noticed a skeletal warrior
 12354 | D:12     | Noticed a skeletal warrior
 12354 | D:12     | Noticed a skeletal warrior
 12362 | D:12     | Killed a skeletal warrior
 12362 | D:12     | Noticed a skeletal warrior
 12415 | D:11     | Killed a skeletal warrior
 12416 | D:11     | Reached skill level 13 in Long Blades
 12424 | D:11     | Killed a skeletal warrior
 12425 | D:11     | Reached skill level 10 in Shields
 12578 | D:12     | Noticed a red ugly thing
 12578 | D:12     | Noticed a two-headed ogre
 12586 | D:11     | Killed a red ugly thing
 12596 | D:12     | Killed a two-headed ogre
 12950 | D:12     | Killed a skeletal warrior
 12951 | D:12     | Reached skill level 10 in Fighting
 13257 | D:12     | Noticed a two-headed ogre
 13268 | D:12     | Killed a two-headed ogre
 13442 | D:12     | Noticed a boulder beetle
 13470 | D:12     | Killed a boulder beetle
 14064 | D:13     | Identified the +0 scale mail of Ebric {Harm rN+ Stlth+}
                  | (Okawaru gifted it to you on level 13 of the Dungeon)
 14064 | D:13     | Received a gift from Okawaru
 14065 | D:13     | Reached skill level 14 in Long Blades
 14549 | D:7      | Reached XP level 12. HP: 107/107 MP: 12/12
 14557 | D:7      | Noticed Menkaure
 14563 | D:7      | Killed Menkaure
 14615 | D:7      | Killed a boulder beetle
 14960 | Lair:1   | Entered Level 1 of the Lair of Beasts
 15063 | Lair:1   | Found a dark tunnel.
 15077 | Volcano  | Entered a volcano
 16223 | Lair:1   | Noticed a six-headed hydra
 16233 | Lair:1   | Killed a one-headed hydra
 16311 | Lair:1   | Noticed an eight-headed hydra
 16323 | Lair:1   | Killed a four-headed hydra
 16828 | Lair:1   | Reached skill level 15 in Long Blades
 17318 | Lair:2   | Reached ****** piety under Okawaru
 17829 | Lair:2   | Noticed a six-headed hydra
 17837 | Lair:2   | Killed a one-headed hydra
 17944 | Lair:2   | Found a staircase to the Shoals.
 18253 | Lair:3   | You are sucked into a shaft and drop 1 floor!
 18344 | Lair:4   | Reached XP level 13. HP: 115/118 MP: 14/14
 18396 | Lair:4   | Received a gift from Okawaru
 19669 | Lair:4   | Received a gift from Okawaru
 20218 | Lair:3   | Found a hole to the Spider Nest.
 21150 | Orc:1    | Entered Level 1 of the Orcish Mines
 21572 | D:13     | Cast into level 2 of the Abyss (a wizard)
 21692 | Abyss:2  | Collided with a stone wall

Illustrated notes

Levels and vault maps discovered:
D:1:      arrival_aquarium_a, layout_basic, amcnicky_mini_pool_small
D:2:      layout_loops_ring
D:3:      layout_basic, gup_sewer_entry_pipe,
          dreamdust_ecumenical_altar_drowned_temple
D:4:      black_bear_nest_1, layout_rooms, temple_hall
D:5:      layout_rooms
D:6:      layout_rooms, serial_shops, shop, uniq_grinder, uniq_sigmund
D:7:      layout_gridville, lemuel_flame_loot_1, uniq_menkaure, uniq_joseph
D:8:      layout_basic, david_lair_shrubbed, uniq_prince_ribbit1
D:9:      layout_loops_corners
D:10:     layout_loops_ring, mainiacjoe_overflow_small_starburst
D:11:     layout_gridville, david_orc_1_choice
D:12:     layout_layer_cave
D:13:     layout_roguey, ximxim_vaults_locker_room, gammafunk_ghost_grave,
          nicolae_figureground_sparkle
Temple:   mainiacjoe_temple_hex_bubbles
Lair:1:   statuecave_lemuel, layout_loops_ring, nicolae_volcano_entry_batcave
Lair:2:   layout_hall_layers, elwin_shoals_entry_rooms
Lair:3:   layout_chaotic_city, spider_nest_entry_a,
          nicolae_lair_grove_arrangements
Lair:4:   layout_regular_city, lemuel_fruit_fields
Orc:1:    layout_caves, serial_shops, nicolae_shop_crystal,
          kennysheep_orc_sif_temple
Abyss:2:  base:
Lair:4

Skill      XL: |  1  2  3  4  5  6  7  8  9 10 11 12 13 |
---------------+----------------------------------------+-----
Shields        | 4 5 7 9 11 12 13 | 13.7
Fighting       | 4 5 6 7 9 10 12 | 12.7
Long Blades    | 3 4 5 6 7 9 10 12 14 15 | 15.8
Armour         | 4 5 6 7 9 10 11 13 14 | 14.3
Dodging        | 1 2 3 4 |  4.1
Invocations    | 1 2 3 |  3.1
Stealth        | 1 |  1.8
Evocations     | |  0.1

Action                   |  1- 3 |  4- 6 |  7- 9 | 10-12 | 13-15 || total
-------------------------+-------+-------+-------+-------+-------++-------
Melee: Long sword        |    72 |   133 |   358 |   518 |       ||  1081
       Headbutt          |     6 |    19 |    59 |   150 |    71 ||   305
       Scimitar          |       |       |       |   158 |   265 ||   423
Invok: Heroism           |       |       |     7 |    19 |     1 ||    27
Evoke: Wand              |       |       |       |     2 |       ||     2
  Use: Scroll            |     2 |     5 |     2 |    18 |       ||    27
       Potion            |     2 |     1 |       |       |       ||     3
Armor: Scale mail        |    17 |       |       |       |       ||    17
       Chain mail        |    12 |    72 |    81 |       |       ||   165
       Plate armour      |       |       |   146 |   255 |   121 ||   522
       Fire dragon scale |       |       |       |    50 |       ||    50
Dodge: Dodged            |    30 |    38 |   116 |   161 |    67 ||   412
Block: Buckler           |    21 |    32 |    46 |       |       ||    99
       Kite shield       |       |       |    85 |   362 |   159 ||   606
